cohdb
Replays
Latest Replays
All Replays
Popular Replays
Top Player Replays
Match Explorer
How It Works
Community
CoH3 Stats
Reddit
Sign in to upload your games and track your stats! →
Sign in with Steam
Match 38795765
Unlisted
Match 38795765
Overview
Messages
Build Orders
End
Engineer Squad
Construct Weapon Support Center
Selects Armored Battlegroup
Selects Armored Battlegroup
Selects Assault Engineers
M1919 Machine Gun Team
M1919 Machine Gun Team
Assault Engineer Squad
Infantry Support Center
M3 Armored Personnel Carrier
Selects Strength in Steel
.30 cal Machine Gun
Bazooka Squad
Construct Tank Depot
Mortar Pit
Selects M8 Scott SPG
Mortar Pit
Selects UNKNOWN (2160077)
.30 cal Machine Gun
M4A3E8 Sherman Easy Eight
Mortar Pit
M4A3E8 Sherman Easy Eight
Selects M31 Recovery Vehicle
Selects War Machine
M31 Recovery Vehicle
M4A3E8 Sherman Easy Eight
sharpshooter
ropicophop
TheGoodMoose
nayebibit
0
0
Comments
sign in to comment!
No comments posted yet!